getting owned by usf 2

Match 29792703
End
Construct Barracks
Riflemen Squad
Riflemen Squad
Riflemen Squad
Grenade Package
Selects Airborne Battlegroup
Selects Heavy Machine Gun Paradrop
Infantry Support Center
Construct Medical Station
Engineer Squad
Selects Paratrooper Squad Paradrop
Selects Smoke Bombing Run
Smoke Bombing Run
Construct Motor Pool
M8 Greyhound Armored Car
M1918 Browning Automatic Rifles
Heavy Machine Gun Paradrop
CS2Stacy
mikec_81
0
0

Comments sign in to comment!

No comments posted yet!